 Dungeon Crawl Stone Soup version 0.20.1-1-g8b1a95d (webtiles) character file.

66 renl the Insei (level 3, 0/28 HPs)
             Began as a Draconian Transmuter on July 16, 2017.
             Slain by a black bear (4 damage)
             ... on level 3 of the Dungeon.
             The game lasted 00:05:41 (1241 turns).

renl the Insei (Draconian Transmuter)               Turns: 1241, Time: 00:05:41

Health: 0/28       AC:  5    Str: 12    XL:     3   Next: 96%
Magic:  1/6        EV: 12    Int: 13    God:
Gold:   101        SH:  0    Dex: 12    Spells: 0/6 levels left

rFire    . . .     SeeInvis .     - Unarmed
rCold    . . .     Gourm    .   (no shield)
rNeg     . . .     Faith    .   (armour unavailable)
rPois    .         Spirit   .   (helmet restricted)
rElec    .         Reflect  .   (no cloak)
rCorr    .         Harm     .   (no gloves)
MR       .....                  (no boots)
Stlth    +.........             (no amulet)
Regen    0.1/turn               (no ring)
MPRegen  0.1/turn               (no ring)

@: very slightly contaminated
A: unfitting armour, cold-blooded, AC +5
a: no special abilities


You were on level 3 of the Dungeon.
You were hungry.

You visited 1 branch of the dungeon, and saw 3 of its levels.

You collected 101 gold pieces.

Inventory:

Missiles
 a - 33 arrows
 m - 14 bolts
Wands
 k - a wand of polymorph (4/24)
Scrolls
 e - a scroll of noise {unknown}
 f - a scroll of random uselessness {unknown}
 g - a scroll of fog {unknown}
 h - a scroll of teleportation {unknown}
 l - a scroll of identify {unknown}
 p - a scroll of enchant weapon {unknown}
 q - a scroll of recharging {unknown}
Potions
 i - a potion of agility {unknown}
 n - 2 potions of mutation {unknown}
 o - a potion of degeneration {unknown}
Books
 b - a book of Changes

   Spells                             Type                      Level
   a - Beastly Appendage              Transmutation                1
   b - Sticks to Snakes               Transmutation                2
   c - Spider Form                    Transmutation/Poison         3
   d - Ice Form                       Ice/Transmutation            4
   e - Blade Hands                    Transmutation                5
Comestibles
 c - a bread ration
 d - 3 fruits
 j - 4 chunks of flesh


   Skills:
 + Level 1.1 Fighting
 - Level 1.7 Dodging
 * Level 4.6 Unarmed Combat
 - Level 2.0 Spellcasting
 * Level 2.4 Transmutations


You couldn't memorise any spells.
You knew the following spells:

 Your Spells              Type           Power        Failure   Level  Hunger
a - Beastly Appendage     Tmut           #.....       10%         1    ##.....
b - Sticks to Snakes      Tmut           #.......     14%         2    ###....
c - Spider Form           Tmut/Pois      #.........   43%         3    ####...


Dungeon Overview and Level Annotations

Branches:
Dungeon (3/15)

Altars:
Dithmenos
Elyvilon
Yredelemnul


Innate Abilities, Weirdness & Mutations

Your plain brown scales are hard. (AC +5)
You cannot fit into any form of body armour.
You are cold-blooded and may be slowed by cold attacks.


Message History

The black bear bites your ball python.
Your ball python dies!
Your ball python barely misses the hobgoblin.
Your ball python misses the hobgoblin.
The hobgoblin barely misses your ball python.
Your ball python closely misses the hobgoblin. x2
Your ball python bites the hobgoblin but does no damage.
Your ball python barely misses the hobgoblin.
Your ball python bites the hobgoblin but does no damage.
Your ball python barely misses the hobgoblin.
You see here a whip.
Your ball python bites the hobgoblin.
Your ball python barely misses the hobgoblin.
The black bear closely misses you.
The black bear claws you but does no damage.
The black bear barely misses you.
There is a stone staircase leading up here.
The black bear bites you but does no damage.
The black bear claws you.
You die...

#.#..........##
#...........>..
###...........#
..............#
.............####.
.............#...
#..............#
#.....@....#
#.....)h...#
#......g...#
#........g.# .
##.......So#######....
##......#..g.grro....
...####(.#########o...
.........# .
.##########


You could see a black bear, an orc, 2 hobgoblins, a goblin and a friendly ball
python.

Vanquished Creatures
  3 adders (D:2)
  2 worms (D:2)
  3 dart slugs
  4 bats
  3 giant cockroaches
  4 goblins
  3 hobgoblins
  A quokka (D:2)
  A frilled lizard (D:2)
  A kobold (D:3)
  6 rats
31 creatures vanquished.

Notes
Turn   | Place    | Note
-------+----------+-------------------------------------------
     0 | D:1      | renl the Draconian Transmuter began the quest for the Orb.
     0 | D:1      | Reached XP level 1. HP: 16/16 MP: 3/3
   169 | D:1      | Reached XP level 2. HP: 19/23 MP: 5/5
   212 | D:1      | Learned a level 2 spell: Sticks to Snakes
   630 | D:2      | Reached skill level 4 in Unarmed Combat
   630 | D:2      | Reached XP level 3. HP: 17/28 MP: 4/6
   638 | D:2      | Learned a level 3 spell: Spider Form
   750 | D:2      | Found a white marble altar of Elyvilon.
   830 | D:2      | Found a basalt altar of Yredelemnul.
   973 | D:2      | Found a shadowy altar of Dithmenos.
  1140 | D:2      | Found a faded altar of an unknown god.
  1218 | D:3      | Noticed a black bear
  1241 | D:3      | Slain by a black bear

Skill      XL: |  1  2 |
---------------+-------+-----
Unarmed Combat | 4 |  4.6
Fighting       | |  1.1
Dodging        | |  1.7
Spellcasting   | |  2.0
Transmutations | |  2.4

Action                   || total
-------------------------++-------
Melee: Unarmed           ||   114
       Tailslap          ||    11
       Kick              ||     5
       Headbutt          ||     3
       Punch             ||     2
 Cast: Beastly Appendage ||     7
       Sticks to Snakes  ||     2
 Stab: Sleeping          ||     1
  Eat: Chunk             ||     1
Armor: Skin              ||    40
Dodge: Dodged            ||    89
